AoeStats
← Genghis_AoE

Arabian Desert

509048298Analyzed
1v1 RM · 8d ago on Sep 25, 2026· 16m 45s· 2 players
Game mode
Random Map
Map size
Tiny (2 player)
Population
200
Speed
Normal
Resources
Standard
Victory
Conquest
Starting age
Dark Age
Ending age
Imperial Age
RankedLock teamsTeams togetherTeam positionsShared explorationLock speedFull tech treeHidden civsTurbo modeCheats
Victory
Defeat
🇦🇺 Varangians · Australia
1497
+14
🇸🇰 Khmer · Slovakia
1458
-14
Genghis_AoE
5:48 Loom
8:47 Feudal Age
9:35 Double-Bit Axe
9:31 Horse Collar
14:55 Forging
PEPPA
6:17 Loom
9:46 Feudal Age
10:25 Double-Bit Axe
14:30 Bloodlines
15:46 Scale Barding Armor
Connection lost

Rejoining the realm…

Still unreachable

The connection could not be restored.

Session expired

The server has moved on; the page needs a fresh start.